 Dungeon Crawl Stone Soup version 0.27-a0-95-g5a9077b8ae (webtiles) character file.

Game seed: 9571265166135087202

16 knot the Chopper (level 2, 36/36 HPs)
             Began as a Demonspawn Berserker on Jan 19, 2021.
             Was a Follower of Trog.
             Quit the game on level 1 of the Dungeon.
             The game lasted 00:00:36 (223 turns).

knot the Chopper (Demonspawn Berserker)              Turns: 223, Time: 00:00:37

Health: 36/36      AC:  5    Str: 17    XL:     2   Next: 37%
Magic:  2/2        EV: 11    Int:  8    God:    Trog [*.....]
Gold:   0          SH:  0    Dex: 12    Spells: 1/1 levels left

rFire    . . .     SeeInvis .   a - +0 hand axe
rCold    . . .     Faith    .   (no shield)
rNeg     . . .     Spirit   .   d - +0 ring mail
rPois    .         Reflect  .   (no helmet)
rElec    .         Harm     .   (no cloak)
rCorr    .         Rampage  .   (no gloves)
Will     .....                  (no boots)
Stlth    ..........             (no amulet)
HPRegen  0.12/turn              (no ring)
MPRegen  0.08/turn              (no ring)

@: berserking, very quick
A: demonic guardian 1
a: Renounce Religion, Berserk


You were on level 1 of the Dungeon.
You worshipped Trog.
Trog was aware of your devotion.
You visited 1 branch of the dungeon, and saw 1 of its levels.

Inventory:

Hand Weapons
 a - a +0 hand axe (weapon)
Missiles
 c - 15 sling bullets
Armour
 d - a +0 ring mail (worn)
Scrolls
 b - a scroll of enchant weapon {unknown}
Potions
 e - a potion of curing {unknown}


   Skills:
 - Level 3.0 Fighting
 + Level 3.4 Axes
 - Level 1.7 Armour
 - Level 1.7 Dodging


You had one spell level left.
You didn't know any spells.
Your spell library was empty.

Dungeon Overview and Level Annotations

Branches:
Dungeon (1/15)

Altars:


Innate Abilities, Weirdness & Mutations

A weak demonic guardian rushes to your aid.


Message History

No target in view!
No target in view!
You see here a +0 club.
e - a smoky coppery potion A gnoll comes into view.
It is wielding a -2 club.
The gnoll moves out of view.
No target in view!
A gnoll is nearby!
The gnoll barely misses you.
Found 2 inky potions.
A red film seems to cover your vision as you go berserk!
You feel yourself moving faster!
You feel mighty! The gnoll closely misses you.
You slash the gnoll!
You kill the gnoll!
Trog accepts your kill.
You hear a splash.
You have reached level 2!
Your demonic ancestry asserts itself...
You feel the presence of a demonic guardian.
Are you sure you want to abandon this character and quit the game? (Confirm with "yes".)

#.≈≈≈≈≈≈≈≈≈≈≈≈≈≈.....
#..≈≈≈≈≈≈≈≈≈≈≈≈≈≈....
##.≈≈≈≈≈≈≈≈≈≈≈≈≈≈....
#.≈≈≈≈≈≈≈≈≈≈≈≈≈≈....
#.≈≈≈≈≈≈≈≈≈≈≈≈≈.†.)≈
#..≈≈≈≈≈≈≈≈≈≈≈≈...≈≈
##..≈≈≈≈≈≈≈≈≈≈##'##≈
##.≈≈≈≈≈≈≈≈≈##...##
#.@≈≈≈≈≈≈≈≈≈#.....#
#.)≈≈≈≈≈≈≈≈ #..<..#
#..≈≈≈≈≈≈≈≈ #..>..#
#.≈≈≈≈≈≈≈≈≈ ##...##
#..≈≈≈≈≈≈≈≈ #####
##..≈≈≈≈≈≈≈
##..≈≈≈≈≈≈ ##!.≈≈≈≈≈


There were no monsters in sight!

Vanquished Creatures
  A gnoll (D:1)
  A goblin (D:1)
  A hobgoblin (D:1)
  3 bats (D:1)
  2 rats (D:1)
8 creatures vanquished.

Notes
Turn   | Place    | Note
-------+----------+-------------------------------------------
     0 | D:1      | knot the Demonspawn Berserker began the quest for the Orb.
     0 | D:1      | Reached XP level 1. HP: 18/18 MP: 1/1
   223 | D:1      | Gained mutation: A weak demonic guardian rushes to your
                  | aid. [demonic ancestry]
   223 | D:1      | Reached XP level 2. HP: 24/24 MP: 2/2
   223 | D:1      | Quit the game

Illustrated notes

Levels and vault maps discovered:
D:1:      minmay_arrival_shoal_huts, layout_basic

Skill      XL: |  1 |
---------------+----+-----
Axes           | 3 |  3.4
Fighting       | |  3.0
Armour         | |  1.7
Dodging        | |  1.7

Action                   || total
-------------------------++-------
Melee: Hand axe          ||    21
Invok: Berserk           ||     1
 Stab: Sleeping          ||     1
Armor: Ring mail         ||     3
       Animal skin       ||     3
Dodge: Dodged            ||    13

Table legend: (Time is in decaauts)
 A = Elapsed time spent in this place.
 B = Non-inter-level travel time spent in this place.
 C = Inter-level travel time spent in this place.
 D = Time resting spent in this place.
 E = Time spent auto-exploring this place.
 F = Levels seen in this place.
 G = Mean time per level.
                   A        B        C        D        E       F      G
               +--------+--------+--------+--------+--------+-----+--------+
         Total |    226 |    226 |      0 |    104 |     52 |   1 |  226.0 |
       Dungeon |    226 |    226 |      0 |    104 |     52 |   1 |  226.0 |
               +--------+--------+--------+--------+--------+-----+--------+

Top non-repeatable levels by time:
     D:1: 226 daAuts
